 Dungeon Crawl Stone Soup version 0.27.1-33-g824d729ab1 (webtiles) character file.

Game seed: 16179638423781496073

3191 raph the Cleaver (level 9, -10/74 HPs)
             Began as a Deep Dwarf Fighter on Nov 27, 2021.
             Was a Follower of Makhleb.
             Mangled by a kobold brigand (12 damage)
             ... on level 9 of the Dungeon.
             The game lasted 00:15:59 (6918 turns).

raph the Cleaver (Deep Dwarf Fighter)               Turns: 6918, Time: 00:16:00

Health: -10/74     AC: 14    Str: 20    XL:     9   Next: 64%
Magic:  7/7        EV: 11    Int:  9    God:    Makhleb [*.....]
Gold:   104        SH:  0    Dex: 15    Spells: 8/8 levels left

rFire    . . .     SeeInvis +   a - +0 war axe
rCold    . . .     Faith    .   (no shield)
rNeg     . . .     Spirit   .   r - +0 chain mail
rPois    .         Reflect  .   h - +1 helmet
rElec    .         Harm     .   (no cloak)
rCorr    .         Rampage  .   (no gloves)
Will     +....                  s - +2 pair of boots
Stlth    ..........             (no amulet)
HPRegen  0.00/turn              w - +4 ring of evasion
MPRegen  0.10/turn              n - ring of see invisible

@: no status effects
A: damage resistance, heal wounds, sense surroundings 2, no regeneration
a: Heal Wounds, Renounce Religion


You were on level 9 of the Dungeon.
You worshipped Makhleb.
Makhleb was aware of your devotion.
You visited 2 branches of the dungeon, and saw 10 of its levels.

You collected 323 gold pieces.
You spent 219 gold pieces at shops.

Inventory:

Hand Weapons
 a - a +0 war axe (weapon)
 b - a +0 hunting sling
 A - a +2 morningstar of freezing
Missiles
 e - 3 javelins (quivered)
 m - 166 stones
 o - 5 throwing nets
Armour
 c - a +0 kite shield
 d - a +0 scale mail
 f - a +2 leather armour of fire resistance
 h - a +1 helmet (worn)
 r - a +0 chain mail (worn)
 s - a +2 pair of boots (worn)
Jewellery
 k - a ring of protection from cold
 n - a ring of see invisible (right hand)
 w - a +4 ring of evasion (left hand)
 y - a +6 ring of dexterity
Wands
 v - a wand of iceblast (4)
Potions
 g - a potion of magic
 j - 4 potions of curing
 l - 3 potions of attraction
 p - a potion of ambrosia
 q - 2 potions of cancellation
 t - a potion of brilliance
 u - a potion of flight
 x - 2 potions of haste
 z - a potion of berserk rage {unknown}


   Skills:
 - Level 2.6 Fighting
 + Level 14.2 Axes
 - Level 3.2 Armour
 - Level 3.8 Shields


You had 8 spell levels left.
You didn't know any spells.
Your spell library contained the following spells:

 Spells                   Type           Power      Damage    Failure   Level
 Slow                     Hex            0%         N/A       99%         2
 Confusing Touch          Hex            0%         N/A       100%        3
 Ignite Poison            Fire/Tmut/Pois 0%         N/A       100%        3
 Mephitic Cloud           Conj/Pois/Air  0%         N/A       100%        3
 Airstrike                Air            0%         N/A       100%        4
 Summon Lightning Spire   Summ/Air       0%         N/A       100%        4
 Bolt of Magma            Conj/Fire/Erth 0%         4d4       100%        5
 Lightning Bolt           Conj/Air       0%         1d11      100%        5
 Yara's Violent Unravell  Hex/Tmut       0%         3d3       100%        5


Dungeon Overview and Level Annotations

Branches:
Dungeon (9/15)             Temple (1/1) D:7
   Lair: D:8-11         Orc: D:9-12

Altars:
Ashenzari
Cheibriados
Dithmenos
Elyvilon
Fedhas
Gozag
Hepliaklqana
Makhleb
Nemelex Xobeh
Okawaru
Ru
Sif Muna
Trog
Uskayaw
Vehumet
Wu Jian
Xom
Yredelemnul
The Shining One

Shops:
D:2 *

Annotations:
D:3 exclusion: downstairs


Innate Abilities, Weirdness & Mutations

You are resistant to damage.
You can heal yourself by infusing magical energy.
You passively map the area around you.
You do not regenerate.


Message History

The kobold shouts!
You hit the kobold but do no damage.
The centaur warrior wields a +0 longbow.
The centaur warrior shoots an arrow.
The arrow hits you. The kobold hits you but does no damage.
The centaur warrior shoots an arrow.
The arrow hits you!
The kobold throws a stone.
The stone barely misses you.
The centaur warrior shoots an arrow.
The arrow hits you!!
* * * LOW HITPOINT WARNING * * *
The kobold throws a stone.
The stone barely misses you.
You fail to use your ability.
The kobold throws a stone.
The stone hits you but does no damage.
The kobold throws a stone.
The stone closely misses you.
You feel much better.
The kobold brigand throws a poisoned dart.
The poisoned dart closely misses you.
The kobold throws a stone.
The stone hits you.
The centaur warrior shoots an arrow.
The arrow hits you!
* * * LOW HITPOINT WARNING * * *
The kobold closely misses you.
The centaur warrior shoots an arrow.
The arrow completely misses you.
You slash the kobold brigand!
The kobold brigand is moderately wounded.
You completely miss the kobold.
The centaur warrior shoots an arrow.
The arrow barely misses you.
The arrow hits the kobold!
The kobold dies!
You aren't carrying any scrolls.
The centaur warrior shoots an arrow.
The arrow hits you!
* * * LOW HITPOINT WARNING * * *
The kobold brigand closely misses you. The kobold hits you but does no damage.
Things that are here:
a +0 dagger; a kobold corpse
Okay, then.
You closely miss the kobold. You barely miss the kobold brigand.
You fail to use your ability.
The kobold barely misses you.
The centaur warrior shoots an arrow.
The arrow hits you!
* * * LOW HITPOINT WARNING * * *
The kobold hits you but does no damage.
The kobold brigand hits you with a +2 short sword of electrocution.
You are electrocuted!
You die...

,, ** * , ,* * **
* **** * * * * ,,
, * * * * * * # *
, , . , , .# * * ,
..##########.#, ,
, ,,
,.............###
+ ,
................,
, , , ,,
#######K@........
,, ,
,.......KK).......
, *
###...<...###...*
*** ** ,#..$.##.#
, , , , * *
#....).c+ * * , ,
, .........†.#, ,
, * .....##..#.# ,
* , ..........c#,
,, * ...........#,
,


You could see a centaur warrior, a kobold brigand and 2 kobolds.

Vanquished Creatures
  Harold (D:7)
  Pikel (D:7)
  Sigmund (D:6)
  A yak (D:3)
  An ice beast (D:8)
  3 sky beasts
  2 black bears (D:4)
  A bullfrog (D:8)
  2 scorpions
  A wyvern skeleton (D:7)
  3 wights (D:8)
  5 howler monkeys
  A hound (Temple)
  2 jellies
  A centaur skeleton (D:7)
  An orc priest (D:8)
  A bullfrog skeleton (D:5)
  A bullfrog zombie (D:5)
  2 iguanas (D:4)
  An orc wizard (D:7)
  A hound zombie (D:5)
  A hound skeleton (D:4)
  A howler monkey zombie (D:8)
  4 gnolls (D:2)
  6 adders
  A howler monkey skeleton (D:7)
  A shadow imp (D:6)
  A white imp (D:7)
  2 ufetubi
  3 worms (D:2)
  5 dart slugs
  15 orcs
  7 ball pythons
  3 bats
  5 endoplasms
  3 giant cockroaches
  8 goblins
  4 hobgoblins
  4 jackals
  5 kobolds
  3 quokkas
  A frilled lizard (D:3)
  7 rats
123 creatures vanquished.

Vanquished Creatures (collateral kills)
  An ogre (D:6)
  A white imp (D:6)
2 creatures vanquished.

Vanquished Creatures (others)
  A kobold (D:9)
  24 plants (D:7)
25 creatures vanquished.

Grand Total: 150 creatures vanquished

Notes
Turn   | Place    | Note
-------+----------+-------------------------------------------
     0 | D:1      | raph the Deep Dwarf Fighter began the quest for the Orb.
     0 | D:1      | Reached XP level 1. HP: 20/20 MP: 1/1
   152 | D:1      | Reached XP level 2. HP: 22/27 MP: 2/2
   167 | D:1      | Reached skill level 3 in Axes
   506 | D:1      | Reached XP level 3. HP: 18/33 MP: 3/3
   743 | D:2      | Found a faded altar of an unknown god.
   819 | D:2      | Found Ixzeurch's Assorted Antiques.
   830 | D:2      | Bought a black potion for 22 gold pieces
   972 | D:2      | Reached skill level 4 in Axes
  1573 | D:3      | Reached XP level 4. HP: 40/40 MP: 4/4
  1969 | D:4      | Reached skill level 5 in Axes
  1996 | D:4      | Noticed a yak
  1997 | D:4      | Noticed a yak
  2001 | D:4      | Noticed a yak
  2002 | D:4      | Noticed a yak
  2040 | D:3      | Killed a yak
  2041 | D:3      | Reached skill level 6 in Axes
  2041 | D:3      | Reached XP level 5. HP: 32/46 MP: 4/4
  2118 | D:4      | Reached XP level 6. HP: 37/55 MP: 5/5
  2172 | D:4      | Reached skill level 7 in Axes
  2451 | D:4      | Noticed a yak
  2495 | D:2      | Bought a scroll of identify for 50 gold pieces
  2661 | D:4      | Reached skill level 8 in Axes
  2666 | D:4      | Reached XP level 7. HP: 51/61 MP: 6/6
  2966 | D:5      | Entered Level 5 of the Dungeon
  3324 | D:5      | Found a bloodstained altar of Trog.
  3558 | D:5      | Reached skill level 9 in Axes
  4036 | D:6      | Noticed Sigmund
  4289 | D:6      | Killed Sigmund
  4290 | D:6      | Reached skill level 10 in Axes
  4290 | D:6      | Reached XP level 8. HP: 39/68 MP: 7/7
  4777 | D:7      | Found a staircase to the Ecumenical Temple.
  4777 | D:7      | Noticed Harold
  4786 | Temple   | Entered the Ecumenical Temple
  4801 | Temple   | Became a worshipper of Makhleb the Destroyer
  4974 | D:7      | Killed Harold
  4975 | D:7      | Reached skill level 12 in Axes
  5121 | D:7      | Gained mutation: You passively map the area around you.
                  | [Deep Dwarf growth]
  5121 | D:7      | Reached XP level 9. HP: 51/74 MP: 7/7
  5710 | D:7      | Noticed Pikel
  5729 | D:7      | Killed Pikel
  5730 | D:7      | Reached skill level 13 in Axes
  6207 | D:2      | Bought a fuming orange potion for 22 gold pieces
  6207 | D:2      | Bought a notched marble ring for 125 gold pieces
  6836 | D:8      | Reached skill level 14 in Axes
  6845 | D:8      | Noticed a deep elf pyromancer
  6885 | D:8      | Noticed a catoblepas
  6886 | D:8      | Noticed a centaur warrior
  6904 | D:9      | Reached * piety under Makhleb
  6907 | D:9      | Noticed a centaur warrior
  6918 | D:9      | HP: 2/74 [centaur warrior/arrow (6)]
  6918 | D:9      | Mangled by a kobold brigand

Illustrated notes

Levels and vault maps discovered:
D:1:      dpeg_arrival_three_same_balls, layout_rooms, minmay_unequal
D:2:      layout_basic, serial_shops, nicolae_diamond_shop,
          chequers_ecumenical_altar_simple
D:3:      layout_basic, minmay_misc_feat_enclosed,
          minmay_misc_feat_more_columns, st_stairs_12
D:4:      layout_cave_pods
D:5:      layout_basic, trog_butcher_becter
D:6:      layout_rooms, uniq_sigmund
D:7:      layout_basic, minmay_temple_entry_water_ring, serial_bayou,
          serial_bayou_pond_c, serial_bayou_pond_a, serial_bayou_pond_d,
          serial_bayou_pond_e, uniq_pikel, uniq_harold
D:8:      minmay_cut_squares, layout_rooms
D:9:      layout_stronghold
Temple:   regret_index_temple_mists

Skill      XL: |  1  2  3  4  5  6  7  8  9 |
---------------+----------------------------+-----
Axes           | 3 4 6 8 10 12 14 | 14.2
Fighting       | |  2.6
Armour         | |  3.2
Shields        | |  3.8

Action                   |  1- 3 |  4- 6 |  7- 9 || total
-------------------------+-------+-------+-------++-------
Melee: War axe           |   116 |    56 |   252 ||   424
 Fire: Hunting sling     |       |    10 |    52 ||    62
Throw: Javelin           |     2 |       |     1 ||     3
 Abil: Heal Wounds       |     1 |     3 |     5 ||     9
  Use: Scroll            |     5 |     4 |    11 ||    20
       Potion            |       |     1 |     5 ||     6
Armor: Scale mail        |    54 |    37 |    59 ||   150
       Chain mail        |       |       |    85 ||    85
Dodge: Dodged            |    44 |    28 |   120 ||   192
Block: Kite shield       |    62 |    50 |    34 ||   146
